 Dungeon Crawl Stone Soup version 0.27-a0-385-g3208abaabc (webtiles) character file.

Game seed: 10176248566533351993

4 Goblin1989 the Sneak (level 1, 0/18 HPs)
             Began as a Demonspawn Delver on Feb 20, 2021.
             Slain by an orc wizard
             ... wielding a +0 dagger
              (1 damage)
             ... on level 3 of the Dungeon.
             The game lasted 00:01:39 (194 turns).

Goblin1989 the Sneak (Demonspawn Delver)             Turns: 194, Time: 00:01:40

Health: 0/18       AC:  3    Str: 12    XL:     1   Next: 58%
Magic:  1/1        EV: 12    Int: 11    God:
Gold:   3          SH:  0    Dex: 14    Spells: 0/0 levels left

rFire    . . .     SeeInvis .   a - +0 mace
rCold    . . .     Faith    .   (no shield)
rNeg     . . .     Spirit   .   b - +0 leather armour
rPois    .         Reflect  .   (no helmet)
rElec    .         Harm     .   (no cloak)
rCorr    .         Rampage  .   (no gloves)
Will     .....                  (no boots)
Stlth    ++........             (no amulet)
HPRegen  0.06/turn              (no ring)
MPRegen  0.07/turn              (no ring)

@: no status effects
A: no striking features
a: no special abilities


You were on level 3 of the Dungeon.
You visited 1 branch of the dungeon, and saw 3 of its levels.

You collected 3 gold pieces.

Inventory:

Hand Weapons
 a - a +0 mace (weapon)
Armour
 b - a +0 leather armour (worn)
Wands
 g - a wand of digging (3) {@v1}
 i - a wand of acid (10) {@v2}
Scrolls
 c - a scroll of fog
 h - a scroll of teleportation {unknown}
 k - a scroll of identify {unknown}
Potions
 j - a potion of lignification {unknown}


   Skills:
 - Level 3.0 Fighting
 + Level 2.2 Maces & Flails
 - Level 1.7 Dodging
 - Level 4.5 Stealth


You couldn't memorise any spells.
You didn't know any spells.
Your spell library was empty.

Dungeon Overview and Level Annotations

Branches:
Dungeon (5/15)
 Temple: D:4-7

Altars:
Okawaru

Annotations:
D:4 Sigmund


Message History

A worm comes into view.
Found a leather armour.
You see here a leather armour.
Found 14 gold pieces.
The leopard gecko hisses angrily.
Found an iron altar of Okawaru.
An orc wizard comes into view. It is wielding a +0 dagger.
Your extra speed is starting to run out.
A quokka comes into view.
You feel yourself slow down.
Found a scroll labelled DUGIHY TOCSEL.
You see here a scroll labelled DUGIHY TOCSEL.
h - a scroll labelled DUGIHY TOCSEL The quokka bites you.
The quokka barely misses you.
You take 1 damage, and have 17/18 hp.
You hit the quokka but do no damage. The quokka barely misses you.
You miss the quokka. The quokka closely misses you. The quokka bites you.
You take 2 damage, and have 15/18 hp.
You closely miss the quokka.
The quokka bites you but does no damage.
You hit the quokka.
You kill the quokka!
The leopard gecko bites you.
You take 2 damage, and have 13/18 hp.
You closely miss the leopard gecko.
The leopard gecko completely misses you.
You hit the leopard gecko.
The leopard gecko is heavily wounded.
The leopard gecko closely misses you.
The leopard gecko bites you but does no damage.
You hit the leopard gecko.
You kill the leopard gecko!
Your Maces & Flails skill increases to level 2!
Unknown command.
Found a sharpened copper wand and 7 stones.
i - a wand of acid (10) {@v2}
There are no items here.
A goblin comes into view. It is wielding a +0 club.
The goblin moves out of view.
A rat comes into view.
An orc comes into view.
A bat, 2 orcs and an orc wizard come into view.
The orc shouts!
You hear a shout!
The orc wizard gestures at you while chanting.
You resist with significant effort.
The orc shouts!
The orc shouts!
The goblin shouts!
You hit the goblin.
You kill the goblin!
You hear a shout!
An orc priest comes into view. It is wielding a +0 trident.
An orc comes into view. It is wielding a +0 hand axe.
An orc priest comes into view. It is wielding a +0 trident.
The bat misses you. The bat closely misses you. The bat closely misses you.
The bat barely misses you.
Found a red potion.
The bat hits you. The bat barely misses you.
You take 1 damage, and have 14/18 hp.
The bat closely misses you. The bat hits you but does no damage.
The bat misses you. The bat barely misses you.
The bat hits you but does no damage.
You see here a red potion.
j - a red potion The bat barely misses you.
The bat closely misses you. The bat hits you but does no damage.
The bat misses you. The bat hits you. The bat barely misses you.
Found 6 gold pieces.
A jackal comes into view.
The bat misses you.
Found a scroll labelled UPLUAL MEACZIU.
The bat closely misses you.
The orc priest shouts!
The bat hits you.
You take 1 damage, and have 13/18 hp.
A jackal comes into view.
You see here a scroll labelled UPLUAL MEACZIU.
k - a scroll labelled UPLUAL MEACZIU The bat hits you but does no damage.
A jackal comes into view.
The jackal barks! x2; You hear a bark!
A rat comes into view.
Found 7 gold pieces.
A jackal comes into view.
The jackal barks!
The bat hits you but does no damage.
You completely miss the jackal. The bat closely misses you.
The jackal bites you.
The jackal bites you but does no damage.
The orc wizard gestures at you while chanting.
The puff of flame hits you!
Ouch! That really hurt!
* * * LOW HITPOINT WARNING * * *
You take 12 damage, and have 1/18 hp.
MASSIVE DAMAGE!!
You completely miss the jackal. The jackal barely misses you.
The rat barely misses you.
The orc wizard hits you with a +0 dagger.
You die...

···········▓ █.█ █.█........···▓.
·▓▓·▓▓▓▓▓▓·▓ █o███.█...8...8··▓▓.
▓▓·▓▓ ▓·▓ █.r...o........·▓▓▓·
▓·▓▓ ▓·▓ █████.██.████▓▓▓▓▓·· ·▓▓
▓▓▓▓▓▓·▓ █.o........······▓ ▓▓
▓······▓ █.█.███.███▓▓▓▓▓·▓
▓·▓▓▓▓·▓▓ █o█..█▓·▓ ▓▓▲▓ ▓
▓·▓▓····▓ █o██r██.█ ▓▓··· ▓▓
▓·▓▓·▓·▓▓ █@rb....█ ▓▓···· ·▓▓
▓······▓ ██hh.█.██ ▓▓·····
··▓▓▓▓···▓▓▓▓▓▓▓▓h█....█▓▓▓······
··▲··············h......··▲······
··▓▓▓▓···▓▓▓▓▓▓▓▓█.█...██▓▓······
·▓▓ ▓▓··▓ ▓.█▓.██ ▓▓····· ▓▓ ▓▓·▓
▓$█▓██ ▓▓···· ▓ ▓▓·▓ ▓.█ ▓▓···
▓··▓ ▓·▓ ▓▓▲▓


You could see an orc priest, an orc wizard, an orc, 4 jackals, a bat and 2 rats.

Vanquished Creatures
  A leopard gecko (D:3)
  A goblin (D:3)
  A quokka (D:3)
3 creatures vanquished.

Notes
Turn   | Place    | Note
-------+----------+-------------------------------------------
     0 | D:5      | Goblin1989 the Demonspawn Delver began the quest for the
                  | Orb.
     0 | D:5      | Reached XP level 1. HP: 18/18 MP: 1/1
    57 | D:4      | Noticed an orc wizard
    57 | D:4      | Noticed Sigmund
    57 | D:4      | Noticed an orc priest
    57 | D:4      | Noticed an ogre
    57 | D:4      | Noticed an ogre
    58 | D:4      | Noticed an orc priest
    59 | D:4      | Noticed a worker ant
   112 | D:3      | Found an iron altar of Okawaru.
   116 | D:3      | Noticed an orc wizard
   167 | D:3      | Noticed an orc wizard
   168 | D:3      | Noticed an orc priest
   168 | D:3      | Noticed an orc priest
   194 | D:3      | Slain by an orc wizard

Illustrated notes

Levels and vault maps discovered:
D:3:      cheibrodos_pilgrimage, layout_loops_corners, okawaru_gym_becter
D:4:      minmay_clustersquares, layout_rooms, minmay_temple_entry_proselytizer,
          uniq_natasha, uniq_sigmund
D:5:      layout_loops_ring, grunt_ministairs_5, uniq_prince_ribbit1

Skill      XL: |  1 |
---------------+----+-----
Maces & Flails | 2 |  2.2
Fighting       | |  3.0
Dodging        | |  1.7
Stealth        | |  4.5

Action                   || total
-------------------------++-------
Melee: Mace              ||    10
  Use: Scroll            ||     2
       Potion            ||     1
Armor: Leather armour    ||     9
Dodge: Dodged            ||    25

Table legend: (Time is in decaauts)
 A = Elapsed time spent in this place.
 B = Non-inter-level travel time spent in this place.
 C = Inter-level travel time spent in this place.
 D = Time resting spent in this place.
 E = Time spent auto-exploring this place.
 F = Levels seen in this place.
 G = Mean time per level.
                   A        B        C        D        E       F      G
               +--------+--------+--------+--------+--------+-----+--------+
         Total |    177 |    177 |      0 |      0 |      0 |   3 |   59.0 |
       Dungeon |    177 |    177 |      0 |      0 |      0 |   3 |   59.0 |
               +--------+--------+--------+--------+--------+-----+--------+

Top non-repeatable levels by time:
     D:3: 114 daAuts
     D:5: 57 daAuts
     D:4: 5 daAuts
